 Dungeon Crawl Stone Soup version 0.16.1-18-g436b03c (webtiles) character file.

1012768 noize the Executioner (level 27, -3/140 HPs)
             Began as a Vine Stalker Fighter on May 9, 2015.
             Was the Champion of Okawaru.
             Slain by Antaeus
             ... wielding the +6 Majin-Bo {vamp, Archmagi MP+6 Int+6}
              (5 damage)
             ... on level 7 of Cocytus on May 11, 2015.
             The game lasted 08:11:37 (78908 turns).

noize the Executioner (Vine Stalker Fighter)       Turns: 78908, Time: 08:11:37

Health: -3/140     AC: 44    Str: 47    XL:     27
Magic:  0/42       EV: 16    Int: 15    God:    Okawaru [******]
Gold:   14809      SH: 21    Dex:  9    Spells: 10 memorised, 3 levels left

rFire  + + +     SeeInvis +     Q - +9 broad axe (holy)
rCold  + + .     Clarity  .     o - +0 gold dragon armour
rNeg   + + .     SustAb   .     O - +1 shield {rF+}
rPois  +         Gourm    .     z - +2 hat {MR+}
rElec  .         Spirit   +     U - +2 cloak of the Thief {+Fog Slay-2 SInv Stlth+}
rCorr  .         Warding  .     q - +3 pair of gloves "Pycext" {Str+5}
rMut   +         Stasis   .     v - +2 pair of boots {Fly}
MR     ++++.                    x - amulet of Arrival {rMut rN+ MR- Str+6 Int+5 Dex-5}
Stlth  ..........               T - ring "Thaing" {Contam rF+ rC+ AC+3}
                                f - ring of Altruism {+Fly rPois rN+ MR+ Str+8 Stlth-}

@: silence, heroism, finesse, flying, very slightly contaminated, regenerating,
deflect missiles, incredibly resistant to hostile enchantments, extremely
unstealthy
A: fangs 3, horns 1, blurry vision 1, frail 1, poison resistance, regeneration
3, weak 1, magic shield, antimagic bite, no device heal 3, rot immunity
a: Renounce Religion, Evoke Fog, Stop Flying
}: 8/15 runes: decaying, slimy, silver, golden, iron, obsidian, bone, gossamer


You were on level 7 of Cocytus.
You worshipped Okawaru.
Okawaru was exalted by your worship.
You were not hungry.

You visited 17 branches of the dungeon, and saw 96 of its levels.
You visited 1 bazaar.
You also visited: Trove and Ice Cave.

You collected 18726 gold pieces.
You spent 3917 gold pieces at shops.

Inventory:

Hand weapons
 H - the +7 hand axe of Forced Transition {chop, +Inv rC+}
   (Okawaru gifted it to you on level 1 of the Tomb of the Ancients)

   It inflicts extra damage upon your enemies.
   It protects you from cold.
   It lets you turn invisible.
 Q - a +9 broad axe of holy wrath (weapon)
 Z - the +8 war axe "Ogreslayer" {freeze, MR+}
   (Okawaru gifted it to you on level 14 of the Dungeon)

   It has been specially enchanted to freeze those struck by it, causing extra
   injury to most foes and up to half again as much damage against particularly
   susceptible opponents.
   It can also slow down cold-blooded creatures.
   It affects your resistance to hostile enchantments.
Armour
 o - a +0 gold dragon armour (worn)
 q - the +3 pair of gloves "Pycext" (worn) {Str+5}
   (You found it on level 8 of the Lair of Beasts)

   It affects your strength (+5).
 r - the +6 scale mail of the Evening Star {+Fly rElec rN+ MR+ Dex+3}
   (Okawaru gifted it to you on level 2 of the Swamp)

   It affects your dexterity (+3).
   It insulates you from electricity.
   It protects you from negative energy.
   It affects your resistance to hostile enchantments.
   It lets you fly.
 v - a +2 pair of boots of flying (worn)
 z - a +2 hat of magic resistance (worn)
 F - the +5 shield of Vanity {+Blink Dex+4 Slay+2}
   (You found it in a treasure trove)

   It affects your dexterity (+4).
   It affects your accuracy and damage with ranged weapons and melee attacks
   (+2).
   It lets you blink.
 I - the cursed +2 buckler of Amorality {Str+5 Int+4}
   (You found it on level 5 of the Vaults)

   It affects your strength (+5).
   It affects your intelligence (+4).
   It has a curse placed upon it.
 J - a +2 cloak of magic resistance
 L - the cursed +4 shield "Ghedolih" {MR++ Int-5 Dex+5 Stlth-}
   (Okawaru gifted it to you on level 3 of the Depths)

   It affects your intelligence (-5).
   It affects your dexterity (+5).
   It affects your resistance to hostile enchantments.
   It makes you less stealthy.
   It has a curse placed upon it.
 O - a +1 shield of fire resistance (worn)
 U - the +2 cloak of the Thief (worn) {+Fog Slay-2 SInv Stlth+}
   (You found it on level 5 of the Vaults)

   It affects your accuracy and damage with ranged weapons and melee attacks
   (-2).
   It enhances your eyesight.
   It can be evoked to emit clouds of fog.
   It makes you more stealthy.
Magical staves
 t - an uncursed staff of energy
 y - an uncursed staff of wizardry
Jewellery
 a - the cursed amulet of Amorality {Spirit +Inv MR+}
   (You bought it in a shop on level 5 of the Dungeon)

   [amulet of guardian spirit]

   It causes incoming damage to be split between your health and magic.
   It affects your resistance to hostile enchantments.
   It lets you turn invisible.
   It has a curse placed upon it.
 f - the ring of Altruism (left hand) {+Fly rPois rN+ MR+ Str+8 Stlth-}
   (You found it on level 7 of Gehenna)

   [ring of flight]

   It affects your strength (+8).
   It protects you from poison.
   It protects you from negative energy.
   It affects your resistance to hostile enchantments.
   It lets you fly.
   It makes you less stealthy.
 k - a cursed amulet of clarity
 l - an uncursed amulet of stasis
 n - the ring of the Dragon {+Fly rN+ MR+ MP+9}
   (You found it on level 3 of the Crypt)

   [ring of positive energy]

   It protects you from negative energy.
   It affects your resistance to hostile enchantments.
   It affects your magic capacity (+9).
   It lets you fly.
 x - the amulet of Arrival (around neck) {rMut rN+ MR- Str+6 Int+5 Dex-5}
   (You found it on level 4 of the Spider Nest)

   [amulet of resist mutation]

   It protects you from mutation.
   It affects your strength (+6).
   It affects your intelligence (+5).
   It affects your dexterity (-5).
   It protects you from negative energy.
   It affects your resistance to hostile enchantments.
 D - the ring "Clanti" {rN+ Str+5 Int+7}
   (You bought it in a shop on level 5 of the Dungeon)

   [ring of strength]

   It affects your strength (+5).
   It affects your intelligence (+7).
   It protects you from negative energy.
 E - a cursed ring of wizardry
 K - a cursed ring of teleportation
 N - a cursed amulet of warding
 R - a cursed ring of protection from cold
 T - the ring "Thaing" (right hand) {Contam rF+ rC+ AC+3}
   (You took it off a deep elf annihilator on level 3 of the Elven Halls)

   [ring of protection]

   It affects your AC (+3).
   It protects you from fire.
   It protects you from cold.
   It causes magical contamination when unequipped.
 V - a cursed ring of teleport control
 Y - the ring "Ceru" {Wiz rPois rF+ Str+2 Stlth-}
   (You bought it in a shop on level 5 of the Dungeon)

   [ring of wizardry]

   It improves your spell success rate.
   It affects your strength (+2).
   It protects you from fire.
   It protects you from poison.
   It makes you less stealthy.
Magical devices
 b - a wand of disintegration (8)
 c - a wand of cold (0)
 i - a wand of fire (9)
 j - a wand of digging (21)
 p - a wand of cold (6)
 u - a wand of lightning (12)
 P - a wand of fireball (9)
 S - a wand of teleportation (9)
 X - a wand of draining (5)
Scrolls
 h - 5 scrolls of teleportation
 B - a scroll of blinking
 C - 20 scrolls of remove curse
 W - 3 scrolls of magic mapping
Potions
 m - 5 potions of restore abilities
Miscellaneous
 s - a phial of floods
 w - a lamp of fire
 A - a lamp of fire
 G - a fan of gales
 M - a crystal ball of energy
Comestibles
 d - 17 bread rations
 g - 28 meat rations


   Skills:
 - Level 20.0(25.0) Fighting
 + Level 23.1(27) Axes
 + Level 20.9(25.9) Armour
 - Level 14.0(19.0) Dodging
 + Level 19.6(24.6) Shields
 - Level 12.0 Spellcasting
 - Level 12.0 Hexes
 - Level 16.0 Charms
 + Level 19.0 Translocations
 + Level 18.2 Air Magic
 - Level 6.0 Invocations
 - Level 13.0 Evocations


You had 3 spell levels left.
You knew the following spells:

 Your Spells              Type           Power        Failure   Level  Hunger
a - Haste                 Chrm           ######..     6%          6    ######.
b - Control Teleport      Chrm/Tloc      ######....   1%          4    ###....
c - Silence               Hex/Air        ######....   1%          5    #####..
d - Repel Missiles        Chrm/Air       ######       1%          2    None
e - Apportation           Tloc           ######....   0%          1    None
f - Blink                 Tloc           N/A          0%          2    None
g - Deflect Missiles      Chrm/Air       ######....   3%          6    ######.
h - Singularity           Tloc           ######....   100%        9    #######
i - Tornado               Air            ######....   100%        9    #######
j - Regeneration          Chrm/Necr      ####......   2%          3    None


Dungeon Overview and Level Annotations

Branches:
Dungeon (15/15)              Lair (8/8) D:9           Swamp (5/5) Lair:6
 Spider (5/5) Lair:4        Slime (6/6) Lair:8          Orc (4/4) D:10
    Elf (3/3) Orc:4        Vaults (5/5) D:13          Crypt (3/3) Vaults:3
   Tomb (3/3) Crypt:3      Depths (5/5) D:15           Hell (1/1)
    Dis (7/7) Hell            Geh (7/7) Hell            Coc (7/7) Hell
    Tar (7/7) Hell            Zot (5/5) Depths:5
 Temple: D:4-7

Altars:
Ashenzari
Elyvilon
Fedhas
Kikubaaqudgha
Makhleb
Okawaru
Qazlal
Sif Muna
Trog
Vehumet
Xom
Yredelemnul
Zin
Beogh
Jiyva

Shops:
D:4 }   D:5 ?*:=*   D:8 (   D:15 *   Orc:4 :[**   Vaults:2 %   Vaults:4 (!
Depths:4 *[!%

Portals:
Hell: Depths:1 Depths:2 Depths:3 Depths:4 Depths:5
Abyss: Depths:1 Depths:3 Depths:4 Depths:5
Pandemonium: Orc:4 Depths:1 Depths:3
Ziggurat: Depths:4

Annotations:
Elf:2 1 runed door
Coc:7 Antaeus


Innate Abilities, Weirdness & Mutations

You have razor-sharp teeth.
You regenerate.
When hurt, damage is shared between your health and your magic reserves.
Your bite disrupts and absorbs the magic of your enemies.
Potions and wands cannot restore your health.
You are immune to rotting.
You have a pair of small horns on your head.
Scrolls take you a little longer to read.
You are frail (-10% HP).
Your system is resistant to poisons.
You are weak. (Str -2)


Message History

Antaeus' magic leaks into the air.
You drain his magic.
You feel invigorated.
Antaeus is severely wounded.
Unknown command.
You hit Antaeus but do no damage. You headbutt Antaeus, but do no damage.
You bite Antaeus.
Antaeus' magic leaks into the air.
You drain his magic.
You feel invigorated.
Antaeus is severely wounded.
The skeletal warrior hits your stone giant skeleton with a glaive!
The Ice Fiend calls on the powers of darkness!
Your body is wracked with pain!
* * * LOW HITPOINT WARNING * * *
You slash Antaeus!
Antaeus convulses!
You bite Antaeus!
Antaeus' magic leaks into the air.
You drain his magic.
You feel invigorated.
Antaeus is severely wounded.
Your white imp hits Antaeus but does no damage.
Your stone giant skeleton completely misses the skeletal warrior.
Antaeus hits you with the +6 Majin-Bo {vamp, Archmagi MP+6 Int+6}!!!
* * * LOW HITPOINT WARNING * * *
Antaeus freezes you! You resist.
You die...

********####≈≈≈≈...,≈≈≈≈≈*
#
*******#####≈≈≈...,,,≈≈≈≈*
#
*******#####≈≈≈..,,,,,≈≈≈**
#
*******#####≈≈..**+**,,≈≈≈*
#
******######≈..#*,,,**,,≈≈*
#
******######≈..#,,,,,*,,≈≈*
#
******######≈.1#,,,,,*,.≈≈*
#
******######≈..#,,,,,*..≈≈*
#
******######≈.@##,,,*#..≈≈*
##
******######≈≈C)#####..≈≈≈*
#≈
******######≈≈5Z)......≈≈≈*
#≈
*******#####≈≈Z≈z)....≈≈≈#*
##≈
*******#####≈≈≈≈≈....≈≈≈≈#
#≈≈
*******#####≈≈≈≈≈....≈≈≈≈#
#≈≈
********####≈≈≈≈≈....≈≈≈≈#
#≈≈
*********###≈≈≈≈≈.....≈≈≈#
#≈≈
*********###≈≈≈≈≈.....≈≈≈#
#≈≈


You could see Antaeus, an Ice Fiend, a skeletal warrior, a friendly white imp, a
friendly fire giant zombie and a friendly stone giant skeleton.

Vanquished Creatures
  Asmodeus (Geh:7)
  the royal jelly (Slime:6)
  the Serpent of Hell (Geh:7)
  Ereshkigal (Tar:7)
  Dispater (Dis:7)
  Khufu (Crypt:1)
  2 orbs of fire
  The ghost of Uberwunderbarhen the Sorcerer, a legendary DEFE of Vehumet (Tomb:2)
  6 ancient liches
  The ghost of SaintRoka the Slayer, a legendary GrFi of the Shining One (Tomb:1)
  The ghost of Alarkh the Imperceptible, a great NaWz of Okawaru (Depths:5)
  36 greater mummies
  Boris (Depths:4)
  3 shard shrikes
  Sojobo (Tomb:2)
  the Lernaean hydra (Swamp:5)
  Norris (Vaults:3)
  A caustic shrike (Depths:3)
  Mara (Vaults:5)
  Geryon (Hell)
  5 golden dragons
  Xtahua (Vaults:3)
  Frederick (Tomb:1)
  5 bone dragons
  18 Brimstone Fiends
  Nikola (Elf:1)
  An electric golem (Zot:1)
  7 liches
  7 tentacled monstrosities
  The ghost of emiel the Markscentaur, a mighty CeMo of Okawaru (D:13)
  11 Ice Fiends
  10 Hell Sentinels
  17 acid blobs
  9 Orb Guardians (Zot:5)
  2 deep elf master archers (Elf:3)
  2 deep elf blademasters (Elf:3)
  Asterion (Spider:3)
  20 Shadow Fiends
  10 sphinxes
  4 quicksilver dragons
  6 titans
  4 Executioners
  5 thorn hunters
  9 ancient champions
  Rupert (D:15)
  18 shadow dragons
  6 azure jellies
  Frances (Swamp:1)
  4 draconian monks
  11 tengu reavers
  10 storm dragons
  Roxanne (Elf:1)
  9 revenants
  11 frost giants
  The ghost of SaintRoka the Fencer, a mighty HEBe of Trog (Swamp:3)
  11 fire giants
  Donald (Elf:3)
  Maud (Depths:2)
  8 balrugs
  17 iron dragons
  4 draconian scorchers
  9 emperor scorpions
  3 orc warlords
  11 deep elf sorcerers
  21 vault wardens
  5 draconian knights
  3 curse skulls
  3 draconian zealots (Zot:1)
  5 ghouls
  Gastronok (D:13)
  58 reapers
  11 ghost moths
  2 spriggan defenders (Depths:3)
  7 draconian shifters
  3 draconian annihilators
  21 war gargoyles
  14 ironheart preservers
  2 elemental wellsprings
  16 stone giants
  4 vampire knights
  2 salamander firebrands
  7 grey draconians
  6 bennus
  13 deep elf demonologists
  13 very ugly things
  3 lorocyprocas
  3 green draconians
  8 mottled draconians
  10 yellow draconians
  6 black draconians
  14 deep elf annihilators
  9 white draconians
  19 ettins
  4 purple draconians
  5 red draconians
  2 dire elephants
  7 unborn
  A pale draconian (Zot:1)
  12 eidola
  6 deep elf death magi
  Snorg (Elf:3)
  16 mummy priests
  4 blizzard demons
  7 death oozes
  2 quicksilver dragon zombies
  18 fire dragons
  6 deep elf high priests
  3 green deaths
  2 kraken zombies (Coc:4)
  5 great orbs of eyes
  39 vault guards
  A minotaur (Depths:5)
  24 ice dragons
  6 jiangshi
  5 death cobs
  Fannar (Lair:3)
  Harold (Lair:6)
  2 quicksilver dragon skeletons
  3 spriggan air magi
  19 hydras
  Nessos (Swamp:2)
  2 catoblepae
  15 yaktaur captains
  15 ogre magi
  Erica (Orc:2)
  5 deep troll earth magi
  A ghost crab (Tar:2)
  23 dancing weapons
  4 vampire magi
  2 alligators
  15 centaur warriors
  4 deep troll shamans
  A hell beast (Depths:3)
  6 spriggan berserkers
  10 tengu warriors
  Urug (D:13)
  3 titan zombies
  An orc high priest (Orc:4)
  28 soul eaters
  11 sun demons
  25 death yaks
  9 storm dragon zombies
  Nergalle (Lair:4)
  8 iron golems
  47 hell knights
  6 iron trolls (Depths:4)
  3 titan skeletons
  2 death drakes
  18 deep elf knights
  A fire crab (Vaults:3)
  7 unseen horrors
  106 skeletal warriors
  31 deep trolls
  4 wizards
  7 giant orange brains
  4 anaconda zombies
  18 shadow wraiths
  2 spectral anacondas (Depths:2)
  2 infernal demonspawn (Orc:4)
  2 fire crabs (shapeshifter) (Vaults:5)
  3 storm dragon skeletons
  17 swamp dragons
  A deep troll (shapeshifter) (Depths:4)
  47 death scarabs
  3 spriggan druids
  21 anubis guards
  14 shadow demons
  18 ironbrand convokers
  19 ice devils
  A spectral hydra (Depths:2)
  6 deep elf summoners
  4 golden dragon zombies
  A harpy (shapeshifter) (Depths:2)
  3 shambling mangroves
  A kraken simulacrum (Hell)
  A tengu zombie (Vaults:3)
  19 flayed ghosts
  4 ice statues
  A putrid demonspawn (Orc:4)
  2 harpies (Depths:4)
  4 shadow dragon zombies
  2 anaconda skeletons (Coc:7)
  17 orb spiders
  20 necromancers
  2 wolf spider zombies
  29 deep elf conjurers
  9 hill giants
  A golden dragon skeleton (Tar:1)
  10 orc sorcerers (Orc:4)
  15 orc knights
  2 shadow dragon skeletons
  5 shining eyes
  29 phantasmal warriors
  3 mana vipers
  5 iron dragon zombies
  A draconian (shapeshifter) (Vaults:5)
  4 salamanders
  8 griffons
  13 worldbinders
  4 frost giant zombies
  4 fire giant zombies
  A draconian zombie (Zot:1)
  9 hornets
  A water nymph (shapeshifter) (Depths:2)
  7 cyclopes
  5 manticores
  6 stone giant zombies
  30 wolf spiders
  5 frost giant skeletons
  2 iron dragon skeletons
  2 sixfirhies
  49 rust devils
  2 salamanders (shapeshifter)
  38 ugly things
  A griffon (shapeshifter) (Vaults:1)
  17 moths of wrath
  5 centaur zombies
  2 shock serpent zombies
  A guardian serpent (shapeshifter) (D:13)
  6 dire elephant zombies
  Maurice (D:9)
  2 eyes of devastation
  3 smoke demons
  3 stone giant skeletons
  5 elephants (Lair:8)
  2 storm dragon simulacra
  3 torpor snails
  11 fire giant skeletons
  5 black mambas
  7 human skeletons
  2 orange crystal statues (Depths:2)
  4 molten gargoyles (Geh:7)
  7 vault sentinels
  A shock serpent skeleton (Coc:3)
  Psyche (D:8)
  A queen ant (Lair:6)
  36 spiny frogs
  A death yak zombie (Crypt:1)
  4 dire elephant skeletons (Tar:7)
  A moth of wrath (shapeshifter) (Vaults:5)
  29 tormentors
  5 gargoyles
  18 hellions
  3 kobold demonologists
  7 demonic crawlers
  3 orange demons
  48 yaktaurs
  A catoblepas zombie (Coc:5)
  3 hellwings
  An elf (Depths:4)
  An elf (shapeshifter) (Elf:3)
  A fire drake (shapeshifter) (Vaults:2)
  10 deep elf priests
  2 fire drakes (Lair:8)
  11 trolls
  An iron troll zombie (Crypt:1)
  3 tengu conjurers
  7 komodo dragons
  46 guardian mummies
  2 silent spectres
  2 spectral merfolk (Depths:2)
  A catoblepas skeleton (Geh:4)
  9 hydra zombies
  A queen bee (shapeshifter) (Vaults:2)
  A grey draconian skeleton (Crypt:3)
  14 giant leeches
  26 freezing wraiths
  7 hydra skeletons
  An iron troll skeleton (Crypt:1)
  30 jumping spiders
  10 red devils
  Sonja (D:11)
  5 polar bears
  A fire vortex (Geh:7)
  28 two-headed ogres
  27 blue devils
  A tengu simulacrum (Vaults:2)
  15 blink frogs
  A wind drake (shapeshifter) (Depths:3)
  Grinder (D:4)
  2 harpy skeletons
  Prince Ribbit (D:9)
  A raven (shapeshifter) (Vaults:1)
  9 alligator zombies
  3 ice dragon zombies
  28 ravens
  A raiju (Depths:2)
  2 hornet zombies
  68 slime creatures
  18 ushabtiu
  3 basilisks
  5 fire dragon zombies
  6 boulder beetles
  9 bog bodies
  3 ettin zombies
  27 trapdoor spiders
  15 fire dragon skeletons
  28 tarantellas
  87 redbacks
  11 spriggans
  95 flying skulls
  4 ettin skeletons
  36 wraiths
  51 shadows
  2 stone giant simulacra
  2 steam dragons
  A frost giant simulacrum (Crypt:1)
  2 wyverns
  2 ice dragon skeletons
  16 water elementals
  19 deep elf magi
  A redback (shapeshifter) (Depths:3)
  28 deep elf fighters
  3 tarantellas (shapeshifter)
  11 golden eyes
  The ghost of emiel the Sneak, an average SpEn of Kikubaaqudgha (D:5)
  23 yaks
  17 vampires
  2 ynoxinuls
  2 humans (Depths:4)
  A black mamba skeleton (Tar:7)
  2 black mamba zombies
  Eustachio (D:9)
  2 chaos spawn
  A human (shapeshifter) (Vaults:4)
  12 hungry ghosts
  17 vampire mosquitoes
  A mottled dragon (Vaults:2)
  A neqoxec (Dis:7)
  16 hippogriffs
  27 wolves
  20 water moccasins
  36 swamp worms
  9 fire elementals
  A minotaur simulacrum (Hell)
  2 soldier ants (shapeshifter)
  7 insubstantial wisps
  14 wargs
  An infernal demonspawn zombie (Orc:4)
  5 spiny frog zombies
  An orb spider zombie (Crypt:2)
  A putrid demonspawn zombie (Orc:4)
  35 orc warriors
  2 spectral trolls (Depths:2)
  2 black bears
  21 soldier ants
  37 spiders
  2 small abominations (Dis:4)
  2 spectral spriggans (Depths:2)
  2 sky beasts
  13 porcupines
  22 necrophages
  5 spiny frog skeletons
  15 ice beasts
  8 wasps
  44 ogres
  8 snapping turtle zombies
  19 swamp drakes
  2 swamp dragon zombies
  28 centaurs
  10 boggarts
  An ice beast (shapeshifter) (Vaults:2)
  A boring beetle (Lair:7)
  5 phantoms
  An eye of draining (Vaults:4)
  54 hell hounds
  An alligator simulacrum (Hell)
  3 manticore zombies
  An elf skeleton (Vaults:3)
  A manticore skeleton (Geh:7)
  A snapping turtle skeleton (Coc:1)
  9 crocodiles
  Sigmund (D:4)
  4 big kobolds
  A brain worm (D:15)
  A salamander skeleton (Crypt:2)
  A glowing shapeshifter simulacrum (Vaults:3)
  2 spectral wargs (Depths:4)
  A wyvern zombie (Crypt:1)
  36 giant frogs
  A spiny frog simulacrum (Hell)
  A troll zombie (Dis:2)
  A yaktaur skeleton (Crypt:1)
  A cyclops skeleton (Crypt:2)
  A water moccasin zombie (D:5)
  2 human simulacra
  A wyvern skeleton (D:13)
  4 spectral ogres
  A snapping turtle simulacrum (Coc:4)
  16 killer bees
  6 scorpions
  A spectral naga (Depths:2)
  A yak zombie (Crypt:2)
  65 wights
  17 jellies
  18 electric eels
  2 goliath beetles (D:6)
  2 spectral centaurs (Depths:2)
  16 crimson imps
  A human zombie (Crypt:3)
  A basilisk zombie (Crypt:2)
  A quasit (D:9)
  5 giant frog skeletons
  13 hounds
  43 orc priests
  2 centaur skeletons
  2 draconian simulacra (IceCv)
  6 iguanas
  21 iron imps
  31 orc wizards
  4 troll simulacra (IceCv)
  24 worker ants
  A porcupine skeleton (Crypt:2)
  13 hell rats
  16 sheep
  2 centaur simulacra
  An ogre zombie (Geh:7)
  2 spriggan simulacra (Depths:2)
  Ijyb (D:6)
  2 naga zombies
  A naga skeleton (Crypt:2)
  An ogre skeleton (Geh:2)
  2 giant frog simulacra (D:11)
  Terence (D:3)
  A hound skeleton (D:10)
  49 mummies
  3 ogre simulacra (IceCv)
  2 worker ant zombies
  19 adders
  9 gnolls
  62 river rats
  16 shadow imps
  17 worms
  2 giant mites
  14 white imps
  2 giant eyeballs
  A worker ant simulacrum (D:9)
  7 ufetubi
  A sheep zombie (Crypt:1)
  An adder skeleton (D:9)
  A lava snake zombie (Crypt:1)
  An adder simulacrum (D:9)
  4 giant geckos
  An ooze (D:3)
  209 orcs
  8 bats
  A bat skeleton (D:4)
  A bat zombie (D:7)
  23 hobgoblins
  36 kobolds
  13 quokkas
  10 giant cockroaches
  A giant gecko zombie (D:5)
  4 giant newts
  A giant spore (D:9)
  18 goblins
  A goblin zombie (Crypt:2)
  7 jackals
  A jackal skeleton (D:6)
  A kobold skeleton (Geh:7)
  25 rats
  7 ballistomycetes
  9 briar patches
  13 fungi
  13 plants
  2 tentacles
4543 creatures vanquished.

Vanquished Creatures (others)
  A tengu reaver (Depths:3)
  A fire giant (Geh:7)
  An emperor scorpion (Tomb:3)
  An elemental wellspring (Coc:7)
  A black draconian (Zot:1)
  A deep elf demonologist (Elf:3)
  An ice dragon (Coc:7)
  11 death scarabs
  A titan skeleton (Tomb:2)
  A necromancer (Tar:7)
  A frost giant skeleton (Coc:1)
  A demonic crawler (Spider:2)
  A water elemental (Depths:3)
  A fire elemental (Tomb:3)
  A shadow (Tar:7)
  9 flying skulls
  2 redbacks (Spider:1)
  A spriggan (Swamp:4)
  A deep elf fighter (Elf:1)
  A wolf (Depths:2)
  2 swamp worms
  A hell hound (Dis:7)
  A wasp (Swamp:4)
  10 lost souls
  An electric eel (Spider:2)
  A killer bee (Elf:3)
  An iron imp (Dis:7)
  4 mummies (Tomb:2)
  An ufetubus (D:11)
  An orc (Vaults:5)
  2 giant spores (D:11)
  2 fungi
  8 plants
  11 tentacles
  397 tentacle segments
482 creatures vanquished.

Grand Total: 5025 creatures vanquished

Notes
Turn   | Place    | Note
--------------------------------------------------------------
     0 | D:1      | noize, the Vine Stalker Fighter, began the quest for the Orb.
     0 | D:1      | Reached XP level 1. HP: 11/11 MP: 1/1
   279 | D:1      | Reached XP level 2. HP: 16/16 MP: 3/3
   718 | D:2      | Reached skill level 3 in Fighting
   718 | D:2      | Reached XP level 3. HP: 18/20 MP: 2/4
   935 | D:2      | Found an iron altar of Okawaru.
   957 | D:2      | Became a worshipper of Warmaster Okawaru
  1000 | D:2      | Found an ancient bone altar of Kikubaaqudgha.
  1207 | D:3      | Noticed Terence
  1209 | D:3      | Killed Terence
  1209 | D:3      | Reached XP level 4. HP: 24/24 MP: 5/5
  1349 | D:3      | Found a deep blue altar of Sif Muna.
  1361 | D:3      | Found a radiant altar of Vehumet.
  1448 | D:3      | Gained mutation: You can translocate small distances at will. [potion of mutation]
  1448 | D:3      | Gained mutation: You are surrounded by a mild repulsion field (EV +2). [potion of mutation]
  1448 | D:3      | Gained mutation: Your system is resistant to poisons. [potion of mutation]
  1683 | D:3      | Reached XP level 5. HP: 16/29 MP: 7/7
  1734 | D:3      | Found a burning altar of Makhleb.
  1734 | D:3      | Found a glowing silver altar of Zin.
  1735 | D:3      | Noticed an angel
  1735 | D:3      | Noticed a green death
  2078 | D:4      | Noticed Sigmund
  2109 | D:4      | Killed Sigmund
  2109 | D:4      | Reached skill level 4 in Fighting
  2274 | D:4      | Gained mutation: You heal very quickly. [vine stalker growth]
  2274 | D:4      | Reached XP level 6. HP: 33/33 MP: 8/8
  2335 | D:4      | Acquired Okawaru's first power
  2400 | D:4      | Noticed Grinder
  2411 | D:4      | Killed Grinder
  2411 | D:4      | Reached XP level 7. HP: 29/38 MP: 6/9
  2530 | D:4      | Found Anaoxkuy's Gadget Boutique.
  2639 | D:4      | Found a white marble altar of Elyvilon.
  2666 | D:4      | Found a stormy altar of Qazlal.
  2876 | D:5      | Entered Level 5 of the Dungeon
  2882 | D:5      | Reached skill level 5 in Fighting
  2918 | D:5      | Found Xilyur's Magic Scroll Boutique.
  2925 | D:5      | Bought a scroll of identify for 26 gold pieces
  2925 | D:5      | Bought a scroll of identify for 26 gold pieces
  2925 | D:5      | Bought a scroll of enchant armour for 97 gold pieces
  2971 | D:5      | Found Muicuwol's General Store.
  3142 | D:5      | Noticed emiel's ghost (average SpEn)
  3154 | D:5      | Killed emiel's ghost
  3154 | D:5      | Reached skill level 1 in Invocations
  3154 | D:5      | Gained mutation: You have razor-sharp teeth. [vine stalker growth]
  3154 | D:5      | Reached XP level 8. HP: 31/43 MP: 10/12
  3203 | D:5      | Reached skill level 5 in Axes
  3211 | D:5      | Found Idixufav's Book Shoppe.
  3232 | D:5      | Found Vyigu's Assorted Antiques.
  3238 | D:5      | Bought a vibrating wooden ring for 105 gold pieces
  3287 | D:5      | Identified the ring "Clanti" {rN+ Str+5 Int+7} (You bought it in a shop on level 5 of the Dungeon)
  3349 | D:5      | Found Pazuclog's Jewellery Shop.
  3999 | D:6      | Noticed Ijyb
  4008 | D:6      | Killed Ijyb
  4311 | D:7      | Reached skill level 6 in Fighting
  4335 | D:7      | Reached XP level 9. HP: 42/48 MP: 13/15
  4340 | D:7      | Reached skill level 5 in Shields
  4642 | D:7      | Noticed a hill giant
  4772 | D:7      | Killed a hill giant
  4772 | D:7      | Reached skill level 7 in Fighting
  4931 | D:7      | Reached skill level 5 in Armour
  5112 | D:8      | Found Ruzxaj's Antique Weapon Shop.
  5231 | D:8      | Found a bloodstained altar of Trog.
  5300 | D:8      | Reached XP level 10. HP: 52/55 MP: 19/19
  5827 | D:8      | Noticed Psyche
  5840 | D:8      | Killed Psyche
  5840 | D:8      | Acquired Okawaru's second power
  6059 | D:9      | Found a basalt altar of Yredelemnul.
  6078 | D:9      | Noticed Maurice
  6207 | D:9      | Found a staircase to the Lair.
  6237 | D:9      | Killed Maurice
  6237 | D:9      | Reached skill level 8 in Fighting
  6317 | D:9      | Noticed Prince Ribbit
  6321 | D:9      | Received a gift from Okawaru
  6327 | D:9      | Killed Prince Ribbit
  6354 | D:9      | Reached XP level 11. HP: 60/60 MP: 21/21
  6399 | D:9      | Reached skill level 5 in Invocations
  6473 | D:9      | Noticed Eustachio
  6480 | D:9      | Killed Eustachio
  6831 | D:10     | Entered Level 10 of the Dungeon
  6885 | D:10     | Reached skill level 9 in Axes
  7288 | D:10     | Noticed a hill giant
  7293 | D:10     | Killed a hill giant
  7809 | D:10     | Found a staircase to the Orcish Mines.
  7827 | Orc:1    | Entered Level 1 of the Orcish Mines
  8129 | Orc:2    | Noticed Erica
  8139 | Orc:2    | Killed Erica
  8224 | Orc:2    | Noticed an orc knight
  8398 | Orc:2    | Killed an orc knight
  8544 | Orc:2    | Found a shimmering altar of Xom.
  9147 | D:5      | Bought the ring "Ceru" {Wiz rPois rF+ Str+2 Stlth-} for 663 gold pieces
  9517 | Orc:3    | Received a gift from Okawaru
  9684 | Orc:3    | You fall through a shaft!
  9684 | Orc:4    | Entered Level 4 of the Orcish Mines
  9695 | Orc:4    | Found a staircase to the Elven Halls.
  9812 | Orc:3    | Gained mutation: You regenerate. [vine stalker growth]
  9812 | Orc:3    | Reached XP level 12. HP: 65/67 MP: 22/24
 10095 | Orc:4    | Found Psei's General Store.
 10098 | Orc:4    | Reached skill level 1 in Evocations
 10100 | Orc:4    | Noticed an orc knight
 10234 | Orc:4    | Reached skill level 10 in Fighting
 10303 | Orc:4    | Reached skill level 1 in Dodging
 10459 | Orc:4    | Reached skill level 10 in Axes
 10470 | Orc:4    | Found Hotamotz's General Store.
 10498 | Orc:4    | Killed an orc knight
 10569 | Orc:4    | Noticed a sun demon
 10977 | Orc:4    | Noticed an orc knight
 10980 | Orc:4    | Received a gift from Okawaru
 10992 | Orc:4    | Killed an orc knight
 11000 | Orc:4    | Killed a sun demon
 11007 | Orc:4    | Got a pair of brightly glowing gloves {god gift}
 11018 | Orc:4    | Identified the -2 pair of gloves of Schulal {-Cast Int+5 Dex+4 Stlth-} (Okawaru gifted it to you on level 4 of the Orcish Mines)
 11035 | Orc:4    | Noticed an orc knight
 11035 | Orc:4    | Noticed an orc knight
 11035 | Orc:4    | Noticed an orc high priest
 11054 | Orc:4    | Killed an orc knight
 11061 | Orc:4    | Killed an orc knight
 11079 | Orc:4    | Killed an orc high priest
 11090 | Orc:4    | Noticed an infernal demonspawn
 11100 | Orc:4    | Killed an infernal demonspawn
 11117 | Orc:4    | Noticed an infernal demonspawn
 11118 | Orc:4    | Reached XP level 13. HP: 63/73 MP: 25/25
 11123 | Orc:4    | Killed an infernal demonspawn
 11123 | Orc:4    | Reached skill level 11 in Fighting
 11125 | Orc:4    | Noticed a putrid demonspawn
 11131 | Orc:4    | Killed a putrid demonspawn
 11136 | Orc:4    | Found Prust's Antique Armour Shop.
 11136 | Orc:4    | Found a one-way gate leading to the halls of Pandemonium.
 11136 | Orc:4    | Found Diequgg's Book Boutique.
 11158 | Orc:4    | Bought a pair of glowing boots for 130 gold pieces
 11158 | Orc:4    | Bought an embroidered hat for 116 gold pieces
 11243 | Orc:4    | Bought a potion of degeneration for 13 gold pieces
 11628 | Orc:4    | Received a gift from Okawaru
 12035 | D:5      | Bought the amulet of Amorality {Spirit +Inv MR+} for 644 gold pieces
 12285 | Lair:1   | Entered Level 1 of the Lair of Beasts
 12400 | Lair:1   | Got a bone quarterstaff
 12406 | Lair:1   | Identified the +7 quarterstaff of Ufinugau {holy, Stlth+} (You found it on level 1 of the Lair of Beasts)
 13845 | Lair:2   | Learned a level 2 spell: Swiftness
 13894 | Lair:2   | Found a blossoming altar of Fedhas.
 14581 | Lair:2   | Got a shimmering hand axe
 14582 | Lair:2   | Identified the +2 hand axe of Cruel Justice {venom, Str-3 Int+4 Dex+5} (You found it on level 2 of the Lair of Beasts)
 14628 | Lair:3   | Noticed Fannar
 14657 | Lair:3   | Killed Fannar
 15882 | Lair:4   | Received a gift from Okawaru
 15975 | Lair:4   | Found a hole to the Spider Nest.
 16146 | Lair:4   | Noticed Nergalle
 16151 | Lair:4   | Killed Nergalle
 16151 | Lair:4   | Reached skill level 5 in Evocations
 16355 | Lair:4   | Reached XP level 14. HP: 79/79 MP: 26/26
 16470 | Lair:4   | Reached skill level 12 in Fighting
 17045 | Lair:5   | Learned a level 4 spell: Passage of Golubria
 17534 | Lair:6   | Noticed Harold
 17551 | Lair:6   | Killed Harold
 17592 | Lair:6   | Received a gift from Okawaru
 17771 | Lair:6   | Found a staircase to the Swamp.
 18302 | Lair:7   | Reached skill level 5 in Dodging
 18661 | Lair:7   | Identified the Collected Works on Bewitchment (You found it on level 7 of the Lair of Beasts)
 18668 | Lair:7   | Learned a level 5 spell: Silence
 19674 | Lair:8   | Entered Level 8 of the Lair of Beasts
 19890 | Lair:8   | Reached XP level 15. HP: 70/85 MP: 27/27
 19937 | Lair:8   | Found a viscous altar of Jiyva.
 19937 | Lair:8   | Found a staircase to the Slime Pits.
 20009 | Lair:8   | Reached skill level 13 in Fighting
 20042 | Lair:8   | Received a gift from Okawaru
 20084 | Lair:8   | Got a pair of fine gloves
 20095 | Lair:8   | Identified the +3 pair of gloves "Pycext" {Str+5} (You found it on level 8 of the Lair of Beasts)
 20456 | Lair:8   | Got a spiked chain mail
 20467 | Lair:8   | Identified the +8 chain mail of Skafriut {MR- Str+5 Slay+2} (You found it on level 8 of the Lair of Beasts)
 21138 | D:11     | Found a frozen archway.
 21168 | IceCv    | Entered an ice cave
 21757 | D:11     | Noticed Sonja
 21764 | D:11     | Killed Sonja
 22636 | D:13     | Noticed Gastronok
 22642 | D:13     | Killed Gastronok
 22758 | D:13     | Noticed Urug
 22770 | D:13     | Killed Urug
 22774 | D:13     | Noticed emiel's ghost (mighty CeMo)
 22795 | D:13     | Killed emiel's ghost
 23039 | D:13     | Found a gate to the Vaults.
 23324 | D:14     | Reached skill level 10 in Shields
 23368 | D:14     | Received a gift from Okawaru
 23373 | D:14     | Got a crystal war axe {god gift}
 23374 | D:14     | Identified the +8 war axe "Ogreslayer" {freeze, MR+} (Okawaru gifted it to you on level 14 of the Dungeon)
 23619 | D:15     | Entered Level 15 of the Dungeon
 23627 | D:15     | Reached XP level 16. HP: 88/92 MP: 28/28
 23760 | D:15     | Found a bloodstained altar of Trog.
 23843 | D:15     | Found Qielaik's Assorted Antiques.
 23846 | D:15     | Identified a -3 rod of ignition (9/9) (You found it on level 14 of the Dungeon)
 23872 | D:15     | Noticed Rupert
 23882 | D:15     | Killed Rupert
 24201 | D:15     | Found a staircase to the Depths.
 24479 | Depths:1 | Entered Level 1 of the Depths
 24525 | Depths:1 | Received a gift from Okawaru
 24525 | Depths:1 | Reached skill level 14 in Fighting
 24886 | Depths:1 | Reached skill level 1 in Hexes
 24889 | Depths:1 | Reached skill level 1 in Translocations
 24973 | Depths:1 | Found a gateway to Hell.
 25036 | Depths:1 | Found a one-way gate to the infinite horrors of the Abyss.
 25068 | Depths:1 | Identified Xosie's Compendium of Good Luck and Poison (You found it on level 1 of the Depths)
 25072 | Depths:1 | Learned a level 2 spell: Repel Missiles
 25170 | Depths:1 | Reached skill level 1 in Spellcasting
 25183 | Depths:1 | Learned a level 6 spell: Haste
 26292 | Spider:1 | Entered Level 1 of the Spider Nest
 26296 | Spider:1 | Reached skill level 1 in Charms
 26718 | Spider:1 | Reached XP level 17. HP: 98/98 MP: 29/29
 27006 | Spider:2 | Received a gift from Okawaru
 27356 | Spider:2 | Reached skill level 10 in Armour
 27440 | Spider:2 | Got a brightly glowing ring mail
 27441 | Spider:2 | Identified the +7 ring mail of Eternity {Str-5 Dex+6} (You found it on level 2 of the Spider Nest)
 27927 | Spider:3 | Noticed Asterion
 27942 | Spider:3 | Killed Asterion
 28029 | Spider:4 | Got a scintillating silver amulet
 28030 | Spider:4 | Identified the amulet of Arrival {rMut rN+ MR- Str+6 Int+5 Dex-5} (You found it on level 4 of the Spider Nest)
 28336 | Spider:5 | Entered Level 5 of the Spider Nest
 28605 | Spider:5 | Reached skill level 5 in Hexes
 28642 | Spider:5 | Received a gift from Okawaru
 28678 | Spider:5 | Reached skill level 5 in Charms
 28738 | Spider:5 | Reached XP level 18. HP: 60/103 MP: 28/30
 28983 | Spider:5 | Got a gossamer rune of Zot
 29094 | Spider:5 | Reached skill level 15 in Fighting
 29949 | Swamp:1  | Entered Level 1 of the Swamp
 30377 | Swamp:1  | Noticed Frances
 30401 | Swamp:1  | Killed Frances
 30824 | Swamp:2  | Noticed Nessos
 30838 | Swamp:2  | Killed Nessos
 30838 | Swamp:2  | Received a gift from Okawaru
 30845 | Swamp:2  | Got a crude scale mail {god gift}
 30846 | Swamp:2  | Identified the +6 scale mail of the Evening Star {+Fly rElec rN+ MR+ Dex+3} (Okawaru gifted it to you on level 2 of the Swamp)
 31625 | Swamp:3  | Reached skill level 15 in Axes
 31790 | Swamp:3  | Noticed SaintRoka's ghost (mighty HEBe)
 31828 | Swamp:3  | Killed SaintRoka's ghost
 32891 | Swamp:5  | Entered Level 5 of the Swamp
 33141 | Swamp:5  | Reached skill level 1 in Air Magic
 33141 | Swamp:5  | Reached XP level 19. HP: 99/108 MP: 32/32
 33201 | Swamp:5  | Noticed the 27-headed Lernaean hydra
 33209 | Swamp:5  | Killed the 26-headed Lernaean hydra
 33226 | Swamp:5  | Received a gift from Okawaru
 33240 | Swamp:5  | Got a pair of pitted gloves {god gift}
 33315 | Swamp:5  | Identified the +0 pair of gloves of Grace {Regen+ Str+3} (Okawaru gifted it to you on level 5 of the Swamp)
 33441 | Swamp:5  | Got a decaying rune of Zot
 33485 | Swamp:5  | Identified a scroll of acquirement
 34409 | Vaults:1 | Entered Level 1 of the Vaults
 35357 | Vaults:1 | Found a white marble altar of Elyvilon.
 36083 | Vaults:2 | Received a gift from Okawaru
 36090 | Vaults:2 | Reached skill level 10 in Dodging
 36450 | Vaults:2 | Reached XP level 20. HP: 106/114 MP: 32/32
 36707 | Vaults:2 | Found Plog's Food Boutique.
 36988 | Vaults:3 | Noticed Norris
 37002 | Vaults:3 | Killed Norris
 37133 | Vaults:3 | Got a transparent war axe
 37134 | Vaults:3 | Identified the +6 war axe "Fiuk" {chop, -Cast rPois Str-2 Int+5} (You acquired it on level 3 of the Vaults)
 37269 | Vaults:3 | Reached skill level 5 in Air Magic
 37323 | Vaults:3 | Found a staircase to the Crypt.
 37323 | Vaults:3 | Found a basalt altar of Yredelemnul.
 37324 | Vaults:3 | Found an ancient bone altar of Kikubaaqudgha.
 37551 | Vaults:3 | Noticed Xtahua
 37561 | Vaults:3 | Killed Xtahua
 37605 | Vaults:3 | Received a gift from Okawaru
 37730 | Vaults:3 | Reached skill level 16 in Fighting
 38188 | Vaults:4 | Received a gift from Okawaru
 38453 | Vaults:4 | Found Teiqew Abla's Antique Weapon Boutique.
 38745 | Vaults:4 | Reached XP level 21. HP: 114/119 MP: 18/33
 38753 | Vaults:4 | Reached skill level 10 in Hexes
 38818 | Vaults:4 | Found a gateway to a bazaar.
 38829 | Bazaar   | Entered a bazaar
 38829 | Bazaar   | Found Keisse's Armour Emporium.
 38829 | Bazaar   | Found Avvilu's Magic Scroll Shop.
 38829 | Bazaar   | Found Chasm's Jewellery Shoppe.
 38832 | Bazaar   | Found Giaduigu's Food Boutique.
 38841 | Bazaar   | Found Staqe's Food Shop.
 38870 | Bazaar   | Bought the +8 orange crystal plate armour {Archmagi, Int+3 Clar SustAb} for 2053 gold pieces
 38897 | Bazaar   | Bought a scroll of identify for 22 gold pieces
 38897 | Bazaar   | Bought a scroll of identify for 22 gold pieces
 39050 | Vaults:4 | Found Quisuuq's Distillery.
 39284 | Vaults:4 | Paralysed by a giant eyeball for 4 turns
 39471 | Vaults:4 | Got a scorched ring mail
 39472 | Vaults:4 | Identified the +3 ring mail "Miphoyca" {rF- rC- MP+9 Dex+5 SInv} (You found it on level 4 of the Vaults)
 39575 | Vaults:4 | Got a heavily runed leather armour
 39576 | Vaults:4 | Identified the cursed -3 leather armour of Boogh {Dex+3} (You found it on level 4 of the Vaults)
 39692 | Vaults:5 | Entered Level 5 of the Vaults
 39696 | Vaults:5 | Received a gift from Okawaru
 39815 | Vaults:5 | Noticed Mara
 39825 | Vaults:5 | Killed Mara
 39960 | Vaults:5 | Reached XP level 22. HP: 38/126 MP: 24/34
 40084 | Vaults:5 | Reached skill level 10 in Charms
 40139 | Vaults:5 | Received a gift from Okawaru
 40242 | Vaults:5 | Got a dazzling buckler
 40253 | Vaults:5 | Identified the +2 buckler of Amorality {Str+5 Int+4} (You found it on level 5 of the Vaults)
 41146 | Vaults:5 | Learned a level 4 spell: Control Teleport
 41298 | Vaults:5 | Received a gift from Okawaru
 41298 | Vaults:5 | Reached skill level 17 in Fighting
 41479 | Vaults:5 | Got a silver rune of Zot
 41645 | Vaults:5 | Reached XP level 23. HP: 107/130 MP: 33/34
 41673 | Vaults:5 | Noticed a golden dragon
 41683 | Vaults:5 | Killed a golden dragon
 41753 | Vaults:5 | Got a warped ivory ring
 41754 | Vaults:5 | Got a translucent steam dragon armour
 41765 | Vaults:5 | Identified the +1 steam dragon armour of the Pits of Slime {rPois rF+ MR+ Dex+6} (You took it off a yaktaur captain on level 5 of the Vaults)
 41801 | Vaults:5 | Identified the Guide on Moulding and the Mountains (You found it on level 5 of the Vaults)
 42124 | Vaults:5 | Identified the ring of Soaph {-Tele rPois rF+ Int-4 Dex+4 Slay+3} (You took it off a yaktaur captain on level 5 of the Vaults)
 42843 | Slime:1  | Entered Level 1 of the Pits of Slime
 43153 | Slime:4  | Gained mutation: Your body is slowly deteriorating. [a shining eye]
 43400 | Slime:6  | Entered Level 6 of the Pits of Slime
 43408 | Slime:6  | Received a gift from Okawaru
 43414 | Slime:6  | Got a brightly glowing hand axe {god gift}
 43484 | Slime:6  | Gained mutation: Your body is deteriorating. [a shining eye]
 43553 | Slime:6  | Found a viscous altar of Jiyva.
 43675 | Slime:6  | Reached skill level 10 in Air Magic
 43687 | Slime:6  | Noticed the royal jelly
 43705 | Slime:6  | Killed the royal jelly
 43862 | Slime:6  | Got a slimy rune of Zot
 43921 | Slime:5  | Lost mutation: You are surrounded by a mild repulsion field (EV +2). [potion of cure mutation]
 43921 | Slime:5  | Lost mutation: Your body is deteriorating. [potion of cure mutation]
 43921 | Slime:5  | Lost mutation: Your body is slowly deteriorating. [potion of cure mutation]
 44290 | Lair:1   | Identified the +2 hand axe of Shruov {chop, rElec Int+6} (Okawaru gifted it to you on level 6 of the Pits of Slime)
 44295 | Lair:1   | Identified a +2 rod of ignition (13/13) (You found it on level 6 of the Pits of Slime)
 44545 | Depths:2 | Received a gift from Okawaru
 45049 | Depths:2 | Got a crude plate armour
 45063 | Depths:2 | Identified the +8 plate armour of Courage {rCorr} (You found it on level 2 of the Depths)
 45215 | Depths:2 | Reached XP level 24. HP: 122/136 MP: 32/35
 45459 | Depths:2 | Noticed Maud
 45470 | Depths:2 | Killed Maud
 45644 | Depths:2 | Learned a level 1 spell: Apportation
 45647 | Depths:2 | Learned a level 2 spell: Blink
 45701 | Depths:2 | Received a gift from Okawaru
 45706 | Depths:2 | Got a crystal hand axe {god gift}
 45724 | Depths:2 | Paralysed by a giant eyeball for 3 turns
 45746 | Depths:2 | Reached skill level 5 in Translocations
 45746 | Depths:2 | Reached XP level 25. HP: 141/141 MP: 35/35
 46043 | Depths:3 | Identified the +4 hand axe of Okawaru's Generosity {speed, Int+5 Dex+3} (Okawaru gifted it to you on level 2 of the Depths)
 46240 | Depths:3 | Got a scintillating ivory ring
 46241 | Depths:3 | Identified the cursed ring of Ohoyhossai {Dex+3 Slay-3} (You found it on level 3 of the Depths)
 46857 | Depths:3 | Received a gift from Okawaru
 46876 | Depths:3 | Got a heavily runed shield {god gift}
 46887 | Depths:3 | Identified the +4 shield "Ghedolih" {MR++ Int-5 Dex+5 Stlth-} (Okawaru gifted it to you on level 3 of the Depths)
 47338 | Depths:4 | Reached skill level 15 in Armour
 47827 | Depths:4 | Noticed Boris
 47828 | Depths:4 | Found a gateway to a ziggurat.
 47855 | Depths:4 | Killed Boris
 47936 | Depths:4 | Found a roughly hewn altar of Beogh.
 47979 | Depths:4 | Got a distressingly furry cloak
 47990 | Depths:4 | Identified the +1 cloak of Whack-A-Mole {+Blink Str-2 Int+4} (You found it on level 4 of the Depths)
 48162 | Depths:4 | Reached XP level 26. HP: 147/147 MP: 36/36
 48213 | Depths:4 | Found The Legendary Klenuara's Legendary Smithy.
 48239 | Depths:4 | Found Izxiliv's Slaves and Accessories.
 48285 | Depths:4 | Found Jack's Jerk-a-riffic Jerky.
 48293 | Depths:4 | Reached skill level 18 in Fighting
 48307 | Depths:4 | Found Efummu Pouwk's Miraculous Elixirs.
 48537 | Depths:4 | Received a gift from Okawaru
 48580 | Depths:4 | Found a shattered altar of Ashenzari.
 48659 | Depths:4 | Found a bloodstained altar of Trog.
 48970 | Depths:5 | Entered Level 5 of the Depths
 49004 | Depths:5 | Received a gift from Okawaru
 49354 | Depths:5 | Noticed Alarkh's ghost (great NaWz)
 49386 | Depths:5 | Killed Alarkh's ghost
 49530 | Depths:5 | Received a gift from Okawaru
 49531 | Depths:5 | Found a gate to the Realm of Zot.
 50292 | Elf:1    | Entered Level 1 of the Elven Halls
 50458 | Elf:1    | Identified the Collected Works on Igneous Confrontation
 50939 | Elf:1    | Noticed Nikola
 50948 | Elf:1    | Killed Nikola
 50966 | Elf:1    | Noticed Roxanne
 50985 | Elf:1    | Killed Roxanne
 50987 | Elf:1    | Identified Roxanne's Handbook of Moulding and Stones (You took it off Roxanne on level 1 of the Elven Halls)
 51407 | Elf:2    | Got a faintly glowing war axe
 51408 | Elf:2    | Identified the cursed -1 war axe "Phuttuwn" {chop, rF++ rN++ MR-} (You found it on level 2 of the Elven Halls)
 51904 | Elf:2    | Found a runed door.
 51927 | Elf:2    | Found a runed door.
 52003 | Elf:2    | Reached XP level 27. HP: 133/153 MP: 36/36
 52491 | Elf:2    | Found a portal to a secret trove of treasure.
 52501 | Trove    | Entered a treasure trove
 52514 | Trove    | Got a warped plate armour
 52525 | Trove    | Identified the cursed -2 plate armour of the Present {+Fly rN+ rCorr Int-4} (You found it in a treasure trove)
 52539 | Trove    | Got a faintly humming shield
 52550 | Trove    | Identified the +5 shield of Vanity {+Blink Dex+4 Slay+2} (You found it in a treasure trove)
 52557 | Trove    | Got an emerald-encrusted scale mail
 52568 | Trove    | Identified the +6 scale mail "Pniddy" {rF+ Str+4} (You found it in a treasure trove)
 52644 | Elf:3    | Entered Level 3 of the Elven Halls
 52668 | Elf:3    | Noticed Snorg
 52676 | Elf:3    | Killed Snorg
 53784 | Elf:3    | Got a faintly glowing ivory ring
 53785 | Elf:3    | Identified the ring "Thaing" {Contam rF+ rC+ AC+3} (You took it off a deep elf annihilator on level 3 of the Elven Halls)
 53830 | Elf:3    | Noticed Donald
 53834 | Elf:3    | Killed Donald
 54693 | Crypt:1  | Entered Level 1 of the Crypt
 54855 | Crypt:1  | Noticed Khufu
 54870 | Crypt:1  | Killed Khufu
 55018 | Crypt:1  | Found a huge runed gate.
 55019 | Crypt:1  | Found a huge runed gate.
 55019 | Crypt:1  | Found a huge runed gate.
 55019 | Crypt:1  | Found a huge runed gate.
 55019 | Crypt:1  | Found a huge runed gate.
 55020 | Crypt:1  | Found a huge runed gate.
 55020 | Crypt:1  | Found a huge runed gate.
 55033 | Crypt:1  | Found a huge runed gate.
 55034 | Crypt:1  | Found a huge runed gate.
 55034 | Crypt:1  | Found a huge runed gate.
 55038 | Crypt:1  | Found a huge runed gate.
 55038 | Crypt:1  | Found a huge runed gate.
 55038 | Crypt:1  | Found a huge runed gate.
 55042 | Crypt:1  | Found a huge runed gate.
 55043 | Crypt:1  | Found a huge runed gate.
 55044 | Crypt:1  | Found a huge runed gate.
 55045 | Crypt:1  | Found a huge runed gate.
 55091 | Crypt:1  | Found a huge runed gate.
 55104 | Crypt:1  | Noticed an ancient lich
 55116 | Crypt:1  | Killed an ancient lich
 55181 | Crypt:1  | Learned a level 6 spell: Deflect Missiles
 55463 | Crypt:2  | Reached skill level 10 in Translocations
 55466 | Crypt:2  | Reached skill level 5 in Spellcasting
 56003 | Crypt:3  | Entered Level 3 of the Crypt
 56303 | Crypt:3  | Found a staircase to the Tomb.
 56506 | Crypt:3  | Identified the Compendium of Darkness (You found it on level 3 of the Crypt)
 56613 | Crypt:3  | Reached skill level 10 in Evocations
 56635 | Crypt:3  | Got a bound tin ring
 56635 | Crypt:3  | Got an ancient silver ring
 56635 | Crypt:3  | Got a bound tin ring
 56637 | Crypt:3  | Identified the ring "Maosot" {rN+ MR++ Int-3} (You found it on level 3 of the Crypt)
 56639 | Crypt:3  | Identified the ring "Hyduilyi" {+Blink rN+ Str-2 Stlth+} (You found it on level 3 of the Crypt)
 56641 | Crypt:3  | Identified the ring of the Dragon {+Fly rN+ MR+ MP+9} (You found it on level 3 of the Crypt)
 56956 | Crypt:3  | Found an ancient bone altar of Kikubaaqudgha.
 56997 | Crypt:3  | Got a warped tin ring
 56998 | Crypt:3  | Identified the ring of Xom's Entertainment {+Fly Dex-3 Slay+3 Stlth-} (You found it on level 3 of the Crypt)
 57006 | Crypt:3  | Noticed an ancient lich
 57039 | Crypt:3  | Killed an ancient lich
 57050 | Crypt:3  | Learned a level 9 spell: Singularity
 57142 | Crypt:3  | Reached skill level 19 in Fighting
 57540 | Tomb:1   | Entered Level 1 of the Tomb of the Ancients
 57599 | Tomb:1   | Noticed SaintRoka's ghost (legendary GrFi)
 57604 | Tomb:1   | Noticed Frederick
 57624 | Tomb:1   | Killed Frederick
 57631 | Tomb:1   | Killed SaintRoka's ghost
 57631 | Tomb:1   | Received a gift from Okawaru
 58683 | Tomb:2   | Noticed Uberwunderbarhen's ghost (legendary DEFE)
 58692 | Tomb:2   | Noticed Sojobo
 58697 | Tomb:1   | Reached skill level 15 in Charms
 58836 | Tomb:1   | Received a gift from Okawaru
 58848 | Tomb:1   | Got a fine hand axe {god gift}
 58944 | Tomb:1   | Identified the +7 hand axe of Forced Transition {chop, +Inv rC+} (Okawaru gifted it to you on level 1 of the Tomb of the Ancients)
 58968 | Tomb:2   | Killed Sojobo
 59125 | Tomb:2   | Killed Uberwunderbarhen's ghost
 59125 | Tomb:2   | Received a gift from Okawaru
 59360 | Tomb:2   | Gained mutation: You have a pair of small horns on your head. [potion of beneficial mutation]
 59554 | Tomb:1   | Received a gift from Okawaru
 60062 | Tomb:1   | Received a gift from Okawaru
 60350 | Tomb:3   | Entered Level 3 of the Tomb of the Ancients
 61109 | Tomb:3   | Got a twitching emerald amulet
 61112 | Tomb:3   | Identified the amulet "Peodege" {Faith -Cast +Inv MP+9 Dex+3} (You found it on level 3 of the Tomb of the Ancients)
 61212 | Tomb:3   | Reached skill level 15 in Shields
 61216 | Tomb:3   | Received a gift from Okawaru
 61218 | Tomb:3   | Noticed an ancient lich
 61221 | Tomb:3   | Reached skill level 20 in Fighting
 61322 | Tomb:3   | Killed an ancient lich
 61328 | Tomb:3   | Got a smoking crystal plate armour {god gift}
 61369 | Tomb:3   | Identified the -3 crystal plate armour of the Monkey's Uncle {+Inv rN+ Str+2} (Okawaru gifted it to you on level 3 of the Tomb of the Ancients)
 61682 | Tomb:3   | Got a golden rune of Zot
 62647 | D:11     | Gained mutation: Scrolls take you a little longer to read. [mutagenic glow]
 62845 | Hell     | Entered the Vestibule of Hell
 62845 | Hell     | Noticed Geryon
 62865 | Hell     | Killed Geryon
 62912 | Hell     | Found a gateway to the decaying netherworld of Tartarus.
 62924 | Tar:1    | Entered Level 1 of Tartarus
 63763 | Tar:7    | Entered Level 7 of Tartarus
 64484 | Tar:7    | Received a gift from Okawaru
 64865 | Tar:7    | Learned a level 9 spell: Tornado
 65290 | Tar:7    | Noticed Ereshkigal
 65333 | Tar:7    | Killed Ereshkigal
 65333 | Tar:7    | Received a gift from Okawaru
 65336 | Tar:7    | Noticed an ancient lich
 65342 | Tar:7    | Killed an ancient lich
 65352 | Tar:7    | Got a bone rune of Zot
 65607 | Hell     | Found a gateway to the freezing wastes of Cocytus.
 65719 | Hell     | Found a gateway to the Iron City of Dis.
 65729 | Dis:1    | Entered Level 1 of the Iron City of Dis
 66396 | Dis:4    | Reached skill level 15 in Translocations
 66656 | Dis:4    | Received a gift from Okawaru
 66839 | Dis:6    | Lost mutation: You can translocate small distances at will. [mutagenic glow]
 66881 | Dis:6    | Reached skill level 21 in Axes
 67061 | Dis:7    | Entered Level 7 of the Iron City of Dis
 67132 | Dis:7    | Found a huge runed gate.
 67132 | Dis:7    | Found a huge runed gate.
 67132 | Dis:7    | Found a huge runed gate.
 67133 | Dis:7    | Found a huge runed gate.
 67135 | Dis:7    | Found a huge runed gate.
 67137 | Dis:7    | Found a huge runed gate.
 67138 | Dis:7    | Found a huge runed gate.
 67138 | Dis:7    | Found a huge runed gate.
 67138 | Dis:7    | Found a huge runed gate.
 67138 | Dis:7    | Found a huge runed gate.
 67145 | Dis:7    | Found a huge runed gate.
 67145 | Dis:7    | Found a huge runed gate.
 67173 | Dis:7    | Found a huge runed gate.
 67173 | Dis:7    | Found a huge runed gate.
 67183 | Dis:7    | Found a huge runed gate.
 67183 | Dis:7    | Found a huge runed gate.
 67183 | Dis:7    | Found a huge runed gate.
 67183 | Dis:7    | Found a huge runed gate.
 67183 | Dis:7    | Found a huge runed gate.
 67183 | Dis:7    | Found a huge runed gate.
 67183 | Dis:7    | Found a huge runed gate.
 67183 | Dis:7    | Found a huge runed gate.
 67184 | Dis:7    | Found a huge runed gate.
 68192 | Dis:7    | Received a gift from Okawaru
 68199 | Dis:7    | Got a heavily runed chain mail {god gift}
 68212 | Dis:7    | Identified the +2 chain mail of Bedevilment {rElec MR- rCorr MP+9 Dex-2} (Okawaru gifted it to you on level 7 of the Iron City of Dis)
 68581 | Dis:7    | Identified the Handbook of Summoning
 68741 | Dis:7    | Reached skill level 15 in Air Magic
 68866 | Dis:7    | Identified Sif Muna's Compendium of Burning Self-Improvement
 69252 | Dis:7    | Noticed Dispater
 69288 | Dis:7    | Killed Dispater
 69316 | Dis:7    | Got an iron rune of Zot
 69318 | Dis:7    | Identified the Handbook of Attacks
 70540 | Hell     | Found a gateway to the ashen valley of Gehenna.
 70553 | Geh:1    | Entered Level 1 of Gehenna
 70696 | Geh:4    | Received a gift from Okawaru
 71098 | Geh:7    | Entered Level 7 of Gehenna
 71313 | Geh:7    | Noticed the Serpent of Hell
 71328 | Geh:7    | Killed the Serpent of Hell
 71328 | Geh:7    | Received a gift from Okawaru
 71397 | Geh:7    | Gained mutation: You are weak. (Str -2) [mutagenic glow]
 71466 | Geh:7    | Gained mutation: You are frail (-10% HP). [mutagenic glow]
 71555 | Geh:7    | Got a heavily runed bronze ring
 71559 | Geh:7    | Identified the cursed ring of Ghesk {MR- MP+9 AC-3 Int-3 Dex+4 Stlth+} (You found it on level 7 of Gehenna)
 71612 | Geh:7    | Reached skill level 22 in Axes
 71827 | Geh:7    | Got a faintly glowing bronze ring
 71843 | Geh:7    | Identified the ring of Altruism {+Fly rPois rN+ MR+ Str+8 Stlth-} (You found it on level 7 of Gehenna)
 71869 | Geh:7    | Noticed Asmodeus
 71904 | Geh:7    | Killed Asmodeus
 71945 | Geh:7    | Got an obsidian rune of Zot
 71969 | Geh:7    | Received a gift from Okawaru
 71987 | Geh:7    | Identified the Tome of Evil
 73436 | Zot:1    | Entered Level 1 of the Realm of Zot
 73436 | Zot:1    | Noticed an orb of fire
 73469 | Zot:1    | Killed an orb of fire
 74095 | Zot:1    | Reached skill level 10 in Spellcasting
 74712 | Zot:2    | Received a gift from Okawaru
 75435 | Zot:2    | Noticed an orb of fire
 75465 | Zot:2    | Killed an orb of fire
 75470 | Zot:2    | Learned a level 3 spell: Regeneration
 76458 | Zot:4    | Received a gift from Okawaru
 77210 | Zot:5    | Entered Level 5 of the Realm of Zot
 77505 | Zot:5    | Noticed an ancient lich
 77511 | Zot:5    | Noticed an ancient lich
 77518 | Zot:5    | Killed an ancient lich
 77522 | Zot:5    | Noticed an orb of fire
 77525 | Zot:5    | Killed an ancient lich
 77964 | Coc:1    | Entered Level 1 of Cocytus
 78104 | Coc:2    | Received a gift from Okawaru
 78566 | Coc:7    | Entered Level 7 of Cocytus
 78597 | Coc:7    | Received a gift from Okawaru
 78610 | Coc:7    | Reached skill level 23 in Axes
 78866 | Coc:7    | Noticed Antaeus
 78908 | Coc:7    | HP: 2/140 [Antaeus/the +6 Majin-Bo {vamp, Archmagi MP+6 Int+6} (20)]
 78908 | Coc:7    | Slain by Antaeus

Action                   |  1- 3 |  4- 6 |  7- 9 | 10-12 | 13-15 | 16-18 | 19-21 | 22-24 | 25-27 || total
-------------------------+-------+-------+-------+-------+-------+-------+-------+-------+-------++-------
Melee: War axe           |    77 |   139 |   279 |   582 |    87 |  1240 |  1149 |   926 |  1665 ||  6144
       Broad axe         |       |       |       |   154 |  1304 |       |       |       |  3490 ||  4948
       Hand axe          |       |       |       |       |    40 |       |       |       |     3 ||    43
Throw: Tomahawk          |       |       |       |       |       |     5 |       |       |       ||     5
 Cast: Repel Missiles    |       |       |       |       |       |       |     2 |     3 |     3 ||     8
       Haste             |       |       |       |       |       |       |       |     6 |    76 ||    82
       Silence           |       |       |       |       |       |       |       |     1 |    58 ||    59
       Deflect Missiles  |       |       |       |       |       |       |       |       |    11 ||    11
       Regeneration      |       |       |       |       |       |       |       |       |     3 ||     3
Invok: Heroism           |       |     1 |     3 |    10 |     8 |     9 |    15 |    12 |    45 ||   103
       Finesse           |       |       |       |     1 |       |     2 |     4 |     1 |     4 ||    12
 Abil: Blink             |       |       |       |       |       |     1 |       |     2 |       ||     3
       Evoke Flight      |       |       |       |       |       |       |     1 |     2 |       ||     3
       Evoke Fog         |       |       |       |       |       |       |       |       |    19 ||    19
       Evoke Blink       |       |       |       |       |       |       |       |       |     1 ||     1
Evoke: Wand              |       |       |       |     1 |     3 |     9 |     9 |     8 |     8 ||    38
       Phial of floods   |       |       |       |       |       |       |       |       |     1 ||     1
       Lamp of fire      |       |       |       |       |       |       |       |       |     1 ||     1
       Horn of Geryon    |       |       |       |       |       |       |       |       |     1 ||     1
  Use: Scroll            |     3 |       |     3 |    24 |    16 |    27 |    24 |    12 |    49 ||   158
       Potion            |       |     5 |       |     2 |     2 |     1 |     5 |     6 |    17 ||    38
 Stab: Invisible         |       |       |       |       |     4 |       |       |       |       ||     4
       Confused          |       |       |       |       |     1 |     1 |       |       |       ||     2
       Distracted        |       |       |       |       |       |       |       |       |     5 ||     5
  Eat: Chunk             |     1 |     4 |     8 |    20 |    18 |    13 |    20 |     9 |    13 ||   106
       Beef jerky        |       |       |     1 |       |     4 |     7 |     2 |     2 |    12 ||    28
       Pizza             |       |       |       |     1 |     6 |     1 |     2 |       |     7 ||    17
       Fruit             |       |       |       |       |     9 |       |       |     8 |    13 ||    30
       Royal jelly       |       |       |       |       |     1 |     1 |       |     5 |     8 ||    15
       Meat ration       |       |       |       |       |       |     1 |       |       |    10 ||    11
       Bread ration      |       |       |       |       |       |       |       |       |    17 ||    17
